 Dungeon Crawl Stone Soup version 0.29.1-13-g9f3cf754e1 (webtiles) character file.

Game seed: 10057088537678320321

314 tizbic2 the Digger (level 6, 0/49 HPs)
             Began as a Naga Earth Elementalist on Feb 11, 2023.
             Slain by a scorpion simulacrum (6 damage)
             ... on level 3 of the Dungeon.
             The game lasted 00:09:15 (2080 turns).

tizbic2 the Digger (Naga Earth Elementalist)        Turns: 2080, Time: 00:09:15

Health: 0/49       AC:  3    Str: 10    XL:     6   Next: 43%
Magic:  8/11       EV:  9    Int: 17    God:
Gold:   154        SH:  8    Dex: 12    Spells: 8/12 levels left

rFire   . . .      SeeInvis +   l - +3 hand axe
rCold   . . .      Faith    .   g - +0 buckler
rNeg    . . .      Spirit   .   a - +0 robe
rPois   +          Reflect  +   (no helmet)
rElec   .          Harm     .   (no cloak)
rCorr   .          Rampage  .   (no gloves)
Will    .....                   (no barding)
Stlth   ++........              d - amulet of reflection
HPRegen 0.16/turn               (no ring)
MPRegen 0.12/turn               (no ring)

@: about to teleport, very slow
A: AC +2, large, see invisible, deformed body, poison resistance, slowness 2,
spit poison 1, naga tail 1
a: Spit Poison


You were on level 3 of the Dungeon.
You visited 1 branch of the dungeon, and saw 3 of its levels.

You collected 154 gold pieces.

Inventory:

Hand Weapons
 l - a +3 hand axe (weapon)
 q - a +0 mace
Missiles
 c - 21 stones
 e - 3 boomerangs
 s - 2 poisoned darts
Armour
 a - a +0 robe (worn)
 g - a +0 buckler (worn)
 i - a +0 scale mail
 v - a +0 leather armour
Jewellery
 d - an amulet of reflection (around neck)
 f - an amulet of faith
Wands
 y - a wand of charming (11)
Scrolls
 j - a scroll of teleportation
 o - a scroll of immolation
 p - a scroll of poison
 r - a scroll of amnesia {unknown}
 t - a scroll of silence {unknown}
 u - a scroll of magic mapping {unknown}
 x - a scroll of noise {unknown}
Potions
 b - a potion of magic
 h - a potion of curing
 k - 3 potions of might {unknown}
 m - a potion of brilliance
 n - 2 potions of lignification
 w - a potion of ambrosia {unknown}
 z - a potion of haste {unknown}


   Skills:
 + Level 0.2 Fighting
 - Level 1.5 Dodging
 - Level 3.0 Stealth
 + Level 0.1 Shields
 + Level 3.7 Spellcasting
 - Level 1.0 Transmutations
 * Level 5.9 Earth Magic


You had 8 spell levels left.
You knew the following spells:

 Your Spells              Type           Power      Damage    Failure   Level
a - Sandblast             Erth           46%        2d11      1%          1
b - Stone Arrow           Conj/Erth      26%        3d8       19%         3

Your spell library contained the following spells:

 Spells                   Type           Power      Damage    Failure   Level
 Passwall                 Tmut/Erth      12%        N/A       8%          2
 Petrify                  Tmut/Erth      15%        N/A       43%         4


Dungeon Overview and Level Annotations

Branches:
Dungeon (3/15)

Altars:
Gozag


Innate Abilities, Weirdness & Mutations

Your serpentine skin is tough. (AC +2)
You have supernaturally acute eyesight. (SInv)
Armour fits poorly on your strangely shaped body.
Your system is resistant to poisons. (rPois)
You cover ground very slowly.
You can spit poison.
You have a snake-like lower body.


Message History

y - a wand of charming (11)
z - an emerald potion
Found a sharpened brass wand.
A scorpion simulacrum comes into view.
Casting: Sandblast (safe; 1% risk of failure)
Confirm with . or Enter, or press ? or * to list all spells.
Aiming: Sandblast (safe; 1% risk of failure)
Press: ? - help, Shift-Dir - straight line, f - scorpion simulacrum
Aim: a scorpion simulacrum (94% to hit)
The blast of sand hits the scorpion simulacrum!
The scorpion simulacrum vaporises!
A scorpion simulacrum comes into view.
Casting: Sandblast (safe; 1% risk of failure)
Confirm with . or Enter, or press ? or * to list all spells.
Aiming: Sandblast (safe; 1% risk of failure)
Press: ? - help, Shift-Dir - straight line, f - scorpion simulacrum
Aim: a scorpion simulacrum (wandering, hasn't noticed you, 94% to hit)
The blast of sand hits the scorpion simulacrum.
The scorpion simulacrum is moderately damaged.
A quokka simulacrum comes into view.
The scorpion simulacrum hits you. The scorpion simulacrum freezes you.
You hit the scorpion simulacrum.
The scorpion simulacrum is heavily damaged.
The scorpion simulacrum hits you. The scorpion simulacrum freezes you!
Casting: Sandblast (safe; 1% risk of failure)
Confirm with . or Enter, or press ? or * to list all spells.
Aiming: Sandblast (safe; 1% risk of failure)
Press: ? - help, Shift-Dir - straight line, f/p - scorpion simulacrum
Aim: a scorpion simulacrum (heavily damaged, 94% to hit)
The blast of sand hits the scorpion simulacrum but does no damage.
The scorpion simulacrum is heavily damaged.
The scorpion simulacrum hits you. The scorpion simulacrum freezes you!
* * * LOW HITPOINT WARNING * * *
A ball python simulacrum comes into view.
You block the scorpion simulacrum's attack.
As you read the scroll of teleportation, it crumbles to dust.
You feel strangely unstable. The scorpion simulacrum hits you.
* * * LOW HITPOINT WARNING * * *
The scorpion simulacrum freezes you.
You die... ......### .## #........##..#### ..# # ...###....##....# #.# #. .../.##....#.# #.# .##.... #....#.# ..#### .#... ##...'.# .....# # #ZZ

#...'.## # ..##.# .# ##.##Z#
#...'..#.## #.##.###.#
#..#.@# ##...#......
#.##.#...# #..#..##
##....#.##### ..##.....#
#..#...###....##.# #.....#..#
#..##.......###..#
.###.#.##.##...###...###...##
⌠.###.⌠.##.......#####...###
.#.###.####....#.......###
#.#.#.#.#.#........#####
##.⌠.###.♣.#..######


You could see a ball python simulacrum, a quokka simulacrum and a scorpion
simulacrum.

Vanquished Creatures
  Grinder (D:3)
  A hound zombie (D:3)
  A scorpion simulacrum (D:3)
  2 adders (D:3)
  An ufetubus (D:2)
  An adder skeleton (D:3)
  A worm (D:3)
  A dart slug (D:1)
  7 ball pythons
  6 endoplasms
  A giant cockroach (D:1)
  6 goblins
  4 hobgoblins
  6 kobolds
  4 quokkas
  A ball python skeleton (D:3)
  4 bats
  6 frilled lizards
  A giant cockroach simulacrum (D:3)
  2 rats
57 creatures vanquished.

Notes
Turn   | Place    | Note
-------+----------+-------------------------------------------
     0 | D:1      | tizbic2 the Naga Earth Elementalist began the quest for the
                  | Orb.
     0 | D:1      | Reached XP level 1. HP: 15/15 MP: 3/3
   106 | D:1      | Reached XP level 2. HP: 22/22 MP: 1/5
   399 | D:1      | Found a faded altar of an unknown god.
   562 | D:1      | Reached XP level 3. HP: 16/28 MP: 2/6
  1104 | D:2      | Reached skill level 4 in Earth Magic
  1294 | D:2      | Learned a level 3 spell: Stone Arrow
  1386 | D:2      | Found an opulent altar of Gozag.
  1490 | D:2      | Reached XP level 4. HP: 36/36 MP: 6/8
  1586 | D:3      | Noticed Grinder
  1598 | D:3      | Paralysed by Grinder for 2 turns
  1610 | D:3      | Killed Grinder
  1611 | D:3      | Reached skill level 5 in Earth Magic
  1611 | D:3      | Reached XP level 5. HP: 21/42 MP: 0/10
  1611 | D:3      | Reached XP level 6. HP: 25/49 MP: 0/11
  2046 | D:3      | Found a runed translucent gate.
  2046 | D:3      | Found a runed translucent gate.
  2046 | D:3      | Found a runed translucent gate.
  2080 | D:3      | Slain by a scorpion simulacrum

Illustrated notes

Levels and vault maps discovered:
D:1:      wander_arrival_chamber, layout_basic,
          hellmonk_ecumenical_altar_slurped_away, hangedman_decor_riveting
D:2:      layout_basic, basic_altar, minmay_domino_4
D:3:      layout_loops_ring, gammafunk_ghost_icy, serial_undead,
          serial_undead_f, serial_undead_b, serial_undead_b, serial_undead_e,
          grunt_decor_mini_mirrors, uniq_grinder

Skill      XL: |  1  2  3  4 |
---------------+-------------+-----
Earth Magic    | 4 5 |  5.9
Spellcasting   | 3 |  3.7
Fighting       | |  0.2
Dodging        | |  1.5
Stealth        | |  3.0
Shields        | |  0.1
Transmutations | |  1.0

Action                   |  1- 3 |  4- 6 || total
-------------------------+-------+-------++-------
Melee: Club              |    32 |       ||    32
       Hand axe          |    17 |    36 ||    53
       Punch             |       |     1 ||     1
 Cast: Sandblast         |    25 |    11 ||    36
       Stone Arrow       |     1 |     1 ||     2
 Abil: Spit Poison       |    14 |     4 ||    18
  Use: Scroll            |     1 |     7 ||     8
       Potion            |       |     1 ||     1
 Stab: Sleeping          |     2 |       ||     2
Armor: Robe              |    18 |     9 ||    27
Dodge: Dodged            |    45 |    32 ||    77
Block: Other             |     2 |    11 ||    13
       Buckler           |       |     4 ||     4
